 Dungeon Crawl Stone Soup version 0.22-a0-800-g058c00f (webtiles) character file.

117 zishaf the Firebug (level 5, -2/35 HPs)
             Began as a Barachi Fire Elementalist on July 21, 2018.
             Killed by nerve-wracking pain
             ... invoked by Grinder
              (14 damage)
             ... on level 3 of the Dungeon.
             The game lasted 00:08:15 (2643 turns).

zishaf the Firebug (Barachi Fire Elementalist)      Turns: 2643, Time: 00:08:16

Health: -2/35      AC:  3    Str:  9    XL:     5   Next: 1%
Magic:  6/10       EV: 12    Int: 17    God:
Gold:   70         SH:  0    Dex: 12    Spells: 7/10 levels left

rFire    . . .     SeeInvis .   g - +0 hand axe
rCold    . . .     Gourm    .   (no shield)
rNeg     . . .     Faith    .   a - +0 robe
rPois    .         Spirit   .   (no helmet)
rElec    .         Reflect  .   m - +0 cloak
rCorr    .         Harm     .   (no gloves)
MR       .....                  (no boots)
Stlth    ++........             (no amulet)
HPRegen  0.11/turn              (no ring)
MPRegen  0.12/turn              (no ring)

@: can't hop, slow
A: +LOS, swims, slowness 1, strong legs 1
a: Hop


You were on level 3 of the Dungeon.
You were not hungry.

You visited 1 branch of the dungeon, and saw 3 of its levels.

You collected 70 gold pieces.

Inventory:

Hand Weapons
 g - a +0 hand axe (weapon)
 r - a +0 blowgun
Missiles
 q - 26 poisoned needles
Armour
 a - a +0 robe (worn)
 m - a +0 cloak (worn)
Scrolls
 b - a scroll of amnesia {unknown}
 d - 2 scrolls of immolation {unknown}
 f - 2 scrolls of remove curse {unknown}
 h - a scroll of magic mapping {unknown}
 k - 4 scrolls of identify {unknown}
 n - a scroll of enchant weapon {unknown}
 o - 3 scrolls of random uselessness {unknown}
Potions
 e - 5 potions of curing {unknown}
 i - 2 potions of ambrosia {unknown}
 j - 2 potions of cancellation {unknown}
 l - 2 potions of degeneration {unknown}
Comestibles
 c - 4 rations


   Skills:
 - Level 2.1 Dodging
 - Level 1.7 Stealth
 + Level 3.4 Spellcasting
 + Level 3.0 Conjurations
 + Level 4.4 Fire Magic


You had 7 spell levels left.
You knew the following spells:

 Your Spells              Type           Power        Failure   Level  Hunger
a - Flame Tongue          Conj/Fire      ###..        3%          1    None
b - Throw Flame           Conj/Fire      ###...       5%          2    ##.....

Your spell library contained the following spells:

 Spells                   Type           Power        Failure   Level  Hunger
 Fireball                 Conj/Fire      ###.......   71%         5    ######.
 Conjure Flame            Conj/Fire      ###.....     11%         3    ###....
 Sticky Flame             Conj/Fire      ###.....     36%         4    ####...
 Inner Flame              Hex/Fire       ##......     21%         3    ###....


Dungeon Overview and Level Annotations

Branches:
Dungeon (3/15)

Altars:
Ashenzari
Dithmenos
Xom
The Shining One

Annotations:
D:3 Grinder


Innate Abilities, Weirdness & Mutations

Shadows flee at your approach. (+LOS)
You can swim through water.
You cover ground slowly.
You can hop short distances.


Message History

Boing!
There is a stone staircase leading up here.
Casting: Flame Tongue (safe; 3% risk of failure)
Confirm with . or Enter, or press ? or * to list all spells.
Aiming: Flame Tongue (safe; 3% risk of failure)
Press: ? - help, Shift-Dir - straight line, f - hound zombie
Aim: a hound zombie The flame tongue hits the hound zombie.
The hound zombie is moderately damaged.
Casting: Flame Tongue (safe; 3% risk of failure)
Confirm with . or Enter, or press ? or * to list all spells.
Aiming: Flame Tongue (safe; 3% risk of failure)
Press: ? - help, Shift-Dir - straight line, f/p - hound zombie
Aim: a hound zombie (moderately damaged)
The flame tongue hits the hound zombie.
The hound zombie is heavily damaged.
The hound zombie bites you. Grinder gestures at you.
Pain shoots through your body!
You die...

########## #........#
## #.....@..# ...
#.....Z..# ...
#.....().# #.# .
#.......)#### #.##.
#.....>..5..## #....
###.#######..######...#
#.# ##.5.).5....#
##.############....#.#
#........).##...##...#


You could see Grinder and a hound zombie.

Vanquished Creatures
  An orc priest (D:2)
  An adder (D:2)
  A worm (D:2)
  2 dart slugs (D:1)
  3 leopard geckos (D:3)
  5 orcs (D:3)
  2 ball pythons
  2 giant cockroaches
  5 goblins
  8 hobgoblins
  4 jackals (D:3)
  7 kobolds
  2 quokkas (D:2)
  8 bats
  9 rats
60 creatures vanquished.

Notes
Turn   | Place    | Note
-------+----------+-------------------------------------------
     0 | D:1      | zishaf the Barachi Fire Elementalist began the quest for the Orb.
     0 | D:1      | Reached XP level 1. HP: 13/13 MP: 3/3
   239 | D:1      | Reached XP level 2. HP: 12/19 MP: 0/5
   507 | D:1      | Learned a level 2 spell: Throw Flame
   589 | D:1      | Reached XP level 3. HP: 16/24 MP: 2/7
   990 | D:2      | Found a shimmering altar of Xom.
  1330 | D:2      | Reached skill level 4 in Fire Magic
  1546 | D:2      | Found a shadowy altar of Dithmenos.
  1546 | D:2      | Found a faded altar of an unknown god.
  1551 | D:2      | Found a faded altar of an unknown god.
  1554 | D:2      | Reached XP level 4. HP: 30/30 MP: 4/8
  1558 | D:2      | Found a glowing golden altar of the Shining One.
  1559 | D:2      | Found a shattered altar of Ashenzari.
  2086 | D:3      | Noticed Grinder
  2314 | D:3      | Reached XP level 5. HP: 32/35 MP: 10/10
  2622 | D:3      | Paralysed by Grinder for 6 turns
  2636 | D:3      | Paralysed by Grinder for 3 turns
  2643 | D:3      | Killed from afar by Grinder

Vault maps used:
D:1:      dpeg_arrival_simpleton_a
D:2:      lemuel_crystal_altar, chequers_temple_overflow_minitemple,
          kennysheep_pointless_box
D:3:      biasface_ghost_orc_armoury, first_ration, uniq_natasha, uniq_grinder,
          uniq_terence

Skill      XL: |  1  2  3  4 |
---------------+-------------+-----
Conjurations   | 2 3 |  3.0
Spellcasting   | 3 |  3.4
Fire Magic     | 4 |  4.4
Dodging        | |  2.1
Stealth        | |  1.7

Action                   |  1- 3 |  4- 6 || total
-------------------------+-------+-------++-------
Melee: Hand axe          |    17 |    11 ||    28
 Cast: Flame Tongue      |    46 |    36 ||    82
       Throw Flame       |     6 |     4 ||    10
 Abil: Hop               |       |     2 ||     2
 Stab: Sleeping          |     1 |       ||     1
  Eat: Chunk             |     2 |     5 ||     7
Armor: Robe              |    12 |    11 ||    23
Dodge: Dodged            |    18 |    25 ||    43

Table legend:
 A = Spawn XP
 B = Non-spawn XP
 C = Spawn XP percentage of total XP
 D = Spawn monster count
 E = Non-spawn monster count
 F = Spawn count percentage of total count
 G = Total turns spent on level
                    A         B        C        D         E        F      G
               +---------+---------+-------+---------+---------+-------+---------
         Total |       0 |     168 |   0.0 |       0 |      60 |   0.0 |  2643
               +---------+---------+-------+---------+---------+-------+---------
           D:1 |       0 |      38 |   0.0 |       0 |      21 |   0.0 |   944
           D:2 |       0 |      86 |   0.0 |       0 |      19 |   0.0 |  1222
           D:3 |       0 |      44 |   0.0 |       0 |      20 |   0.0 |   477
               +---------+---------+-------+---------+---------+-------+---------
